 Dungeon Crawl Stone Soup version 0.21-a0-440-g28109cb (webtiles) character file.

320 Ijustatesigmund the Skirmisher (level 6, 0/43 HPs)
             Began as an Octopode Artificer on Nov 10, 2017.
             Slain by an orc priest
             ... wielding a +1 flail of draining
              (11 damage)
             ... on level 3 of the Dungeon.
             The game lasted 00:05:36 (2893 turns).

Ijustatesigmund the Skirmisher (Octopode Artificer) Turns: 2893, Time: 00:05:37

Health: 0/43       AC:  1    Str: 12    XL:     6   Next: 46%
Magic:  2/2        EV: 13    Int: 13    God:
Gold:   146        SH:  4    Dex: 14    Spells: 5/5 levels left

rFire    . . .     SeeInvis .   a - +2 mace (antimagic)
rCold    . . .     Gourm    .   k - +0 buckler
rNeg     + . .     Faith    .   (helmet restricted)
rPois    .         Spirit   .   (no amulet)
rElec    .         Reflect  .   u - ring of positive energy
rCorr    .         Harm     .   v - ring of wizardry
MR       .....                  (no ring)
Stlth    +++.......             (no ring)
HPRegen  0.14/turn              (no ring)
MPRegen  0.08/turn              (no ring)
                                (no ring)
                                (no ring)

@: drained
A: almost no armour, stealthy swim, amphibious, 8 rings, constrict 8, camouflage
1, gelatinous body 1
a: no special abilities


You were on level 3 of the Dungeon.
You were not hungry.

You visited 1 branch of the dungeon, and saw 3 of its levels.

You collected 146 gold pieces.

Inventory:

Hand Weapons
 a - a +2 antimagic mace (weapon)
Missiles
 j - 5 javelins (quivered)
 x - 8 javelins of returning
Armour
 k - a +0 buckler (worn)
Jewellery
 u - a ring of positive energy (left tentacle)
 v - a ring of wizardry (right tentacle)
Wands
 b - a wand of flame (15/48)
 c - a wand of enslavement (14/24)
 d - a wand of random effects (15/48)
 n - a wand of acid (5/15)
Scrolls
 q - a scroll of teleportation
Potions
 e - a potion of lignification
 g - a potion of curing
 h - 2 potions of agility
 i - a potion of haste
 m - a potion of berserk rage
 o - a potion of brilliance {unknown}
 p - a potion of magic {unknown}
 r - a potion of flight {unknown}
 t - 2 potions of mutation {unknown}
 z - a potion of heal wounds {unknown}
Comestibles
 f - 2 bread rations
 l - a royal jelly
 s - 4 fruits


   Skills:
 + Level 3.9(3.6) Fighting
   Level 1.0(0.7) Short Blades
 + Level 2.8(2.5) Maces & Flails
 - Level 2.0(1.7) Dodging
 - Level 1.3(1.0) Stealth
 - Level 3.1(2.8) Shields
 - Level 3.8(3.5) Evocations


You had 5 spell levels left.
You didn't know any spells.

Dungeon Overview and Level Annotations

Branches:
Dungeon (3/15)

Altars:
Fedhas


Innate Abilities, Weirdness & Mutations

You cannot wear most types of armour.
You are very stealthy in the water. (Stealth+)
You are amphibious.
You can wear up to eight rings at the same time.
You can use your tentacles to constrict eight enemies at once.
Your skin changes colour to match your surroundings (Stealth+).
Your rubbery body absorbs attacks. (AC +1, EV +1)


Message History

You kill the orc!
You hit the orc priest but do no damage.
You grab the orc priest.
You squeeze the orc priest, but do no damage.
You constrict the orc priest.
The orc priest hits you but does no damage.
You partially resist.
You feel drained.
You thump the orc priest!
The orc priest is heavily wounded.
You constrict the orc priest. The orc priest closely misses you.
You hit the orc priest.
You squeeze the orc priest, but do no damage.
The orc priest is almost dead.
You constrict the orc priest.
The orc priest hits you with a flail of draining!
* * * LOW HITPOINT WARNING * * *
You partially resist.
You feel drained.
* * * LOW HITPOINT WARNING * * *
The orc priest hits you with a flail of draining!
You die...

...#.# ###.# ####.#
#.#.# .# .....# #...#
#.# ###### #...# #.#
#...# #.# ...####.###
#........##8...8
...######..##...###.....
./...ro@........# 8.....
...#######.###..# #.....
#..##..# 8...8 ##.##..##
##>## ##..#...# #####
#...#.######.#.
#...#.#......#.
#.....####.###.
#..†...........


You could see an orc priest and a rat.

Vanquished Creatures
  Sigmund (D:3)
  An orc priest (D:3)
  Terence (D:3)
  A hound zombie (D:3)
  2 adders
  An ooze (D:1)
  2 worms
  3 dart slugs
  6 orcs (D:3)
  7 bats
  6 giant cockroaches
  3 goblins (D:1)
  8 hobgoblins
  5 jackals
  A ball python (D:1)
  5 frilled lizards
  9 kobolds
  3 rats
65 creatures vanquished.

Vanquished Creatures (collateral kills)
  An orc (D:3)
1 creature vanquished.

Grand Total: 66 creatures vanquished

Notes
Turn   | Place    | Note
-------+----------+-------------------------------------------
     0 | D:1      | Ijustatesigmund the Octopode Artificer began the quest for the Orb.
     0 | D:1      | Reached XP level 1. HP: 13/13 MP: 3/3
    54 | D:1      | Reached XP level 2. HP: 14/18 MP: 4/4
   406 | D:1      | Reached XP level 3. HP: 17/24 MP: 5/5
   873 | D:1      | Reached skill level 1 in Shields
  1528 | D:2      | Reached XP level 4. HP: 30/30 MP: 2/6
  2070 | D:3      | Reached skill level 1 in Maces & Flails
  2339 | D:3      | Found a blossoming altar of Fedhas.
  2352 | D:3      | Noticed Terence
  2358 | D:3      | Killed Terence
  2358 | D:3      | Reached XP level 5. HP: 24/36 MP: 2/7
  2446 | D:3      | Noticed Sigmund
  2448 | D:3      | Killed Sigmund
  2448 | D:3      | Reached XP level 6. HP: 34/43 MP: 2/8
  2893 | D:3      | Slain by an orc priest

Vault maps used:
D:1:      scummos_arrival_simple_fountains, minmay_pentomino_t2
D:3:      nicolae_overflow_hidden_temple, nicolae_overflow_crystal_walls,
          gammafunk_temple_overflow_elements, uniq_terence, uniq_sigmund,
          uniq_crazy_yiuf_cottage

Skill      XL: |  1  2  3  4  5 |
---------------+----------------+-----
Fighting       | 2 3 |  3.9
Shields        | 1 2 3 |  3.1
Maces & Flails | 1 2 |  2.8
Short Blades   | |  1.0
Dodging        | |  2.0
Stealth        | |  1.3
Evocations     | |  3.8

Action                   |  1- 3 |  4- 6 || total
-------------------------+-------+-------++-------
Melee: Short sword       |    65 |       ||    65
       Tentacles         |    12 |    14 ||    26
       Constrict         |    22 |    17 ||    39
       Mace              |    11 |    63 ||    74
Evoke: Wand              |       |     3 ||     3
  Use: Scroll            |     7 |     3 ||    10
       Potion            |     1 |     1 ||     2
 Stab: Sleeping          |     5 |     6 ||    11
       Betrayed ally     |       |     1 ||     1
  Eat: Chunk             |     2 |     3 ||     5
       Fruit             |       |     2 ||     2
Armor: Skin              |     5 |     2 ||     7
Dodge: Dodged            |    53 |    33 ||    86
Block: Buckler           |     5 |     8 ||    13

Table legend:
 A = Spawn XP
 B = Non-spawn XP
 C = Spawn XP percentage of total XP
 D = Spawn monster count
 E = Non-spawn monster count
 F = Spawn count percentage of total count
 G = Total turns spent on level
                    A         B        C        D         E        F      G
               +---------+---------+-------+---------+---------+-------+---------
         Total |       0 |     458 |   0.0 |       0 |      66 |   0.0 |  2893
               +---------+---------+-------+---------+---------+-------+---------
           D:1 |       0 |      50 |   0.0 |       0 |      25 |   0.0 |  1116
           D:2 |       0 |      43 |   0.0 |       0 |      13 |   0.0 |   895
           D:3 |       0 |     365 |   0.0 |       0 |      28 |   0.0 |   882
               +---------+---------+-------+---------+---------+-------+---------
